[Event "Titled Tuesday Blitz November 07 Early 2023"]
[White "Hirneise, Jens"]
[Black "Kovalevsky, Stanislav"]
[WhiteFideId "24614734"]
[BlackFideId "13508598"]
[WhiteElo "2541"]
[BlackElo "2443"]
[Result "1-0"]
[Round "7"]
[TimeControl "180+1"]
[Date "2023.11.07"]
[WhiteClock "0:00:09"]
[BlackClock "0:00:22"]
[Board "116"]

1. d4 d5 2. Bg5 c5 3. dxc5 f6 4. Bh4 e5 5. e3 Bxc5 6. Nd2 Nc6 7. c3 Nge7 8. Ngf3 O-O 9. Be2 a5 10. a4 Qe8 11. O-O Be6 12. Bg3 g5 13. Ne1 f5 14. Nd3 Bd6 15. f4 exf4 16. exf4 g4 17. Nb3 Ng6 18. Ndc5 Bf7 19. Nxb7 Bc7 20. Bb5 Qe6 21. N3c5 Qf6 22. Nd7 Qe6 23. Nxf8 Rxf8 24. Kh1 h5 25. Nc5 Qd6 26. Nd3 h4 27. Bf2 Nxf4 28. Bc5 Qh6 29. Bxf8 Kxf8 30. Nxf4 Bxf4 31. Bxc6 h3 32. gxh3 Qxc6 33. Rxf4 d4+ 34. Kg1 gxh3 35. Qf3 Qb6 36. Rxd4 Qxb2 37. Rad1 Kg7 38. Qg3+ Bg6 39. Rd6 Kh6 1-0


[Site "https://www.chess.com"]

[Event "Titled Tuesday Blitz November 07 Early 2023"]
[White "Kotlyar, Kirill"]
[Black "lagunanivaria"]
[WhiteFideId "24145599"]
[WhiteElo "2537"]
[BlackElo "2440"]
[Result "1-0"]
[Round "7"]
[TimeControl "180+1"]
[Date "2023.11.07"]
[WhiteClock "0:00:09"]
[BlackClock "0:00:08"]
[Board "117"]

1. e4 c6 2. d4 d5 3. e5 Bf5 4. Nf3 e6 5. Be2 Ne7 6. O-O h6 7. Nbd2 Nd7 8. Nb3 Bh7 9. Bd2 Ng6 10. Ne1 Be7 11. f4 O-O 12. c3 c5 13. Nf3 cxd4 14. cxd4 Nh4 15. Be1 Nxf3+ 16. Bxf3 f6 17. Rc1 a5 18. Qe2 Qb6 19. Bf2 a4 20. Nc5 Nxc5 21. dxc5 Qc6 22. Rfe1 Bf5 23. g4 Bh7 24. Bd4 f5 25. Qe3 fxg4 26. Bxg4 Bf5 27. h3 Qe8 28. Re2 Kh7 29. Rg2 Qf7 30. Rf1 Bh4 31. Qe2 Be4 32. Bf3 Qxf4 33. Bxe4+ Qxe4 34. Qxe4+ dxe4 35. Rg4 Be7 36. Rxe4 Rac8 37. Rc1 b6 38. c6 b5 39. c7 Bg5 40. Rc2 Rf7 41. Bb6 Rd7 42. Kg2 Rd5 43. h4 Be7 44. a3 Kg6 45. Rg4+ Kf7 46. Re4 Ke8 47. Re3 Kd7 48. Rec3 g5 49. hxg5 hxg5 50. Re2 Rg8 51. Kf3 g4+ 52. Ke4 g3 53. Rg2 Kc8 54. Rc6 Kd7 55. Rgc2 Rc8 56. Bd4 b4 57. axb4 Bxb4 58. Rb6 Be7 59. Rb7 a3 60. bxa3 Bxa3 61. Ra2 Be7 62. Rc2 Ra5 63. Bb6 Rd5 64. Rg2 Kc6 65. Rb8 Kd7 66. Rxc8 Kxc8 67. Rxg3 Rb5 68. Rg8+ Kb7 69. c8=Q+ Kxb6 70. Qxe6+ Kc5 71. Qxe7+ Kc4 72. Rc8+ Kb3 73. Qe6+ Kb2 74. Qd5 Rxd5 75. Kxd5 Kb3 76. e6 Kb4 77. e7 Kb5 78. e8=Q+ Kb6 79. Qd7 Ka5 80. Qb7 Ka4 81. Ra8# 1-0


[Site "https://www.chess.com"]

[Event "Titled Tuesday Blitz November 07 Early 2023"]
[White "Czopor, Maciej"]
[Black "Jovic, Stanoje"]
[WhiteFideId "21805431"]
[BlackFideId "905020"]
[WhiteElo "2536"]
[BlackElo "2438"]
[Result "1-0"]
[Round "7"]
[TimeControl "180+1"]
[Date "2023.11.07"]
[WhiteClock "0:00:25"]
[BlackClock "0:00:00"]
[Board "118"]

1. c4 e5 2. Nc3 Nf6 3. e3 Bb4 4. Nge2 O-O 5. a3 Bxc3 6. Nxc3 c6 7. Be2 d5 8. d4 exd4 9. Qxd4 dxc4 10. Qxc4 Be6 11. Qf4 Nbd7 12. O-O Nc5 13. Rd1 Qb8 14. Qxb8 Raxb8 15. b4 Nb3 16. Rb1 Nxc1 17. Rbxc1 Rfd8 18. f4 Kf8 19. Kf2 Ke7 20. e4 Bb3 21. Rxd8 Rxd8 22. Ke3 g6 23. g4 h6 24. h4 Be6 25. f5 gxf5 26. gxf5 Bc8 27. Kf4 Rg8 28. e5 Nd7 29. f6+ Kd8 30. Bh5 Ke8 31. Ne4 Kf8 32. Nd6 Nb6 33. Bxf7 Rg2 34. e6 Rf2+ 35. Ke5 Re2+ 36. Kf5 Rf2+ 37. Kg6 Rg2+ 38. Kxh6 Nd5 39. e7+ Nxe7 40. fxe7+ Kxe7 41. Nxc8+ Kxf7 42. Rf1+ Ke6 43. Nxa7 Rg3 44. h5 Rxa3 45. Nc8 Ra4 46. Kg5 Rxb4 47. h6 Rb2 48. Rh1 Rg2+ 49. Kf4 Rg8 50. h7 Rh8 51. Kg5 1-0


[Site "https://www.chess.com"]

[Event "Titled Tuesday Blitz November 07 Early 2023"]
[White "Slade, Theodore"]
[Black "WindWhistler11"]
[WhiteFideId "426547"]
[WhiteElo "2535"]
[BlackElo "2438"]
[Result "1-0"]
[Round "7"]
[TimeControl "180+1"]
[Date "2023.11.07"]
[WhiteClock "0:00:16"]
[BlackClock "0:00:00"]
[Board "119"]

1. d4 Nf6 2. c4 e6 3. g3 c5 4. d5 exd5 5. cxd5 Bd6 6. Bg2 O-O 7. Nf3 Re8 8. O-O Bf8 9. Nc3 d6 10. Nd2 b6 11. e4 Na6 12. Nc4 Nc7 13. a4 Ba6 14. b3 Bxc4 15. bxc4 Na6 16. Bf4 g6 17. Re1 Nh5 18. Be3 Bg7 19. Qd2 Nb4 20. f4 f5 21. exf5 gxf5 22. Rab1 Qd7 23. Bf2 Nf6 24. Bh3 Ng4 25. Bxg4 Bxc3 26. Qxc3 fxg4 27. Qf6 Qg7 28. Qxd6 Nd3 29. Re6 Rad8 30. Qc6 Rxe6 31. Qxe6+ Kh8 32. Rd1 Nb2 33. Re1 Nxc4 34. f5 Rf8 35. d6 Nd2 36. Kg2 Nf3 37. Rd1 Rf7 38. d7 1-0


[Site "https://www.chess.com"]

[Event "Titled Tuesday Blitz November 07 Early 2023"]
[White "Mihailidis, Anastasios"]
[Black "Polaczek, Richard"]
[WhiteFideId "4205588"]
[BlackFideId "200026"]
[WhiteElo "2529"]
[BlackElo "2431"]
[Result "1/2-1/2"]
[Round "7"]
[TimeControl "180+1"]
[Date "2023.11.07"]
[WhiteClock "0:00:35"]
[BlackClock "0:00:38"]
[Board "120"]

1. e4 Nf6 2. e5 Nd5 3. d4 d6 4. c4 Nb6 5. exd6 cxd6 6. Nf3 g6 7. Be3 Bg7 8. Be2 O-O 9. O-O Nc6 10. Nc3 Bg4 11. b3 d5 12. c5 Nc8 13. h3 Bxf3 14. Bxf3 e6 15. b4 a6 16. a4 Nxb4 17. Qb3 a5 18. Nb5 Ne7 19. Nd6 Qd7 20. Be2 Nec6 21. Bb5 Qc7 22. Rfd1 b6 23. Bxc6 Qxc6 24. Rac1 bxc5 25. dxc5 e5 26. f3 Rab8 27. Nb5 d4 28. Bf2 Nd5 29. Qc4 Rfd8 30. Na7 Qc7 31. Nb5 Qc6 32. Na7 Qc7 33. Nb5 Qc6 1/2-1/2


[Site "https://www.chess.com"]

[Event "Titled Tuesday Blitz November 07 Early 2023"]
[White "Rietze, Clemens, Dr."]
[Black "secrethawk1"]
[WhiteFideId "24620351"]
[WhiteElo "2527"]
[BlackElo "2380"]
[Result "1-0"]
[Round "7"]
[TimeControl "180+1"]
[Date "2023.11.07"]
[WhiteClock "0:00:43"]
[BlackClock "0:00:00"]
[Board "122"]

1. d4 Nf6 2. c4 e6 3. Nf3 b6 4. g3 Bb7 5. Bg2 Be7 6. O-O O-O 7. Nc3 Ne4 8. Bd2 f5 9. d5 Nxd2 10. Qxd2 exd5 11. Nxd5 Nc6 12. Rad1 d6 13. e3 Kh8 14. Nd4 Nxd4 15. Qxd4 Bxd5 16. Qxd5 Rb8 17. b3 g6 18. h4 h5 19. Qe6 Kg7 20. Bc6 Bf6 21. Qd5 Qe7 22. Qf3 a5 23. Kg2 Qe5 24. Rd2 Qc3 25. Rfd1 Qe5 26. Rd5 Qe7 27. Kh2 Be5 28. Kg1 Rf6 29. R5d2 Bc3 30. Rd3 Be5 31. Kg2 Rff8 32. Rh1 Bf6 33. Bb5 Be5 34. Rhd1 Bf6 35. Bc6 Rbd8 36. a3 Qe6 37. Bd5 Qe7 38. b4 axb4 39. axb4 c5 40. b5 Be5 41. Ra3 Rd7 42. Rd2 Rb8 43. Rda2 Rc7 44. Ra6 Qd7 45. Bc6 Qe7 46. Ra8 Rxa8 47. Rxa8 Qf7 48. Bd5 Qd7 49. Rb8 Rc8 50. Rxb6 Qd8 51. Ra6 Rb8 52. Bb7 Qc7 53. b6 Qxb7 54. Ra7 Qxa7 55. bxa7 1-0


[Site "https://www.chess.com"]

[Event "Titled Tuesday Blitz November 07 Early 2023"]
[White "Lymar, Vladislav"]
[Black "Harriott, Tyrell"]
[WhiteFideId "14162180"]
[BlackFideId "2086484"]
[WhiteElo "2526"]
[BlackElo "2349"]
[Result "1-0"]
[Round "7"]
[TimeControl "180+1"]
[Date "2023.11.07"]
[WhiteClock "0:00:03"]
[BlackClock "0:00:07"]
[Board "123"]

1. d4 e6 2. c4 d5 3. cxd5 exd5 4. Bf4 f5 5. e3 Ne7 6. h4 Ng6 7. Bg5 Be7 8. Bxe7 Nxe7 9. Nf3 O-O 10. h5 Nd7 11. h6 g6 12. Nc3 Nf6 13. Ne5 Nc6 14. Nxc6 bxc6 15. Rc1 Rb8 16. b3 f4 17. exf4 Re8+ 18. Be2 Bg4 19. Kf1 Bxe2+ 20. Nxe2 Ne4 21. g3 Qe7 22. Rxc6 Qd7 23. Qc2 Qg4 24. Qd3 Qf5 25. Kg2 Qd7 26. Rhc1 Rb7 27. Ng1 Re7 28. Nf3 Nd6 29. Ne5 Qe6 30. Qa6 Qf5 31. Re1 Qh5 32. Qa5 Rb5 33. Qxa7 Qxh6 34. Rxc7 Re8 35. Rd7 Nf5 36. Qa6 Rbb8 37. Qf6 Nxd4 38. Qf7+ Kh8 39. Ng4 Rf8 40. Nxh6 Rxf7 41. Nxf7+ Kg8 42. Nh6+ Kh8 43. Ree7 Nf5 44. Rxh7# 1-0


[Site "https://www.chess.com"]

[Event "Titled Tuesday Blitz November 07 Early 2023"]
[White "Pham, Le Thao Nguyen"]
[Black "gpsji27"]
[WhiteFideId "12401226"]
[WhiteElo "2526"]
[BlackElo "2354"]
[Result "1-0"]
[Round "7"]
[TimeControl "180+1"]
[Date "2023.11.07"]
[WhiteClock "0:01:20"]
[BlackClock "0:00:03"]
[Board "124"]

1. d4 d5 2. c4 e6 3. Nc3 Nf6 4. Bg5 Be7 5. e3 Nbd7 6. Qc2 c6 7. Nf3 h6 8. Bh4 O-O 9. a3 dxc4 10. Bxc4 b5 11. Ba2 a6 12. Rd1 Bb7 13. O-O c5 14. dxc5 Bxf3 15. gxf3 Qc7 16. Bb1 g5 17. Bg3 Qc6 18. b4 Rfd8 19. Ne4 a5 20. Rd4 axb4 21. axb4 e5 22. Rd2 Nxe4 23. Qxe4 Qxe4 24. Bxe4 Ra4 25. Rfd1 Nf8 26. Rxd8 Bxd8 27. Rxd8 Rxb4 28. Bxe5 Rc4 29. Bd6 1-0


[Site "https://www.chess.com"]

[Event "Titled Tuesday Blitz November 07 Early 2023"]
[White "Napoli, Nicolo"]
[Black "Alinasab, Mobina"]
[WhiteFideId "813702"]
[BlackFideId "12528897"]
[WhiteElo "2341"]
[BlackElo "2526"]
[Result "0-1"]
[Round "7"]
[TimeControl "180+1"]
[Date "2023.11.07"]
[WhiteClock "0:01:34"]
[BlackClock "0:02:23"]
[Board "125"]

1. c4 Nf6 2. Nc3 c5 3. e3 d6 4. Nf3 b6 5. b3 Bb7 6. Bb2 e6 7. Be2 Be7 8. g4 a6 9. Rg1 Qc7 10. h4 Nc6 11. a3 Ne5 12. g5 Ne4 13. Nxe4 Bxe4 14. Nxe5 dxe5 15. Bf3 Qb7 16. Bxe4 Qxe4 17. Rg4 Qh1+ 18. Ke2 Qxd1+ 19. Rxd1 Bd6 20. Rd4 cxd4 0-1


[Site "https://www.chess.com"]

[Event "Titled Tuesday Blitz November 07 Early 2023"]
[White "Balla, Tamas-Kristof"]
[Black "Toktomushev, Teimur"]
[WhiteFideId "1208497"]
[BlackFideId "14176726"]
[WhiteElo "2323"]
[BlackElo "2524"]
[Result "0-1"]
[Round "7"]
[TimeControl "180+1"]
[Date "2023.11.07"]
[WhiteClock "0:00:08"]
[BlackClock "0:00:04"]
[Board "126"]

1. e4 c5 2. c3 d5 3. exd5 Qxd5 4. d4 Nf6 5. Nf3 e6 6. Be3 cxd4 7. cxd4 Bb4+ 8. Nc3 O-O 9. Bd3 Bd7 10. O-O Bxc3 11. bxc3 Bb5 12. Bg5 Ne4 13. Bxe4 Qxe4 14. Re1 Qg6 15. Bf4 Nd7 16. Re3 Bc6 17. Nh4 Qf6 18. Qg4 h6 19. Nf3 Rfe8 20. Ne5 Qf5 21. Qh4 Nxe5 22. Bxe5 f6 23. Bf4 g5 24. Qxh6 Qxf4 25. Qg6+ Kf8 26. Rh3 Be4 27. Rh8+ Ke7 28. Qg7+ Kd6 29. Rh6 Qg4 30. f3 Bxf3 31. g3 Qe4 32. Qxf6 Qe3+ 33. Kf1 Qe2+ 34. Kg1 Qg2# 0-1


[Site "https://www.chess.com"]

[Event "Titled Tuesday Blitz November 07 Early 2023"]
[White "Bashirli, Saadat"]
[Black "Piesik, Piotr"]
[WhiteFideId "13429990"]
[BlackFideId "1136194"]
[WhiteElo "2417"]
[BlackElo "2658"]
[Result "0-1"]
[Round "7"]
[TimeControl "180+1"]
[Date "2023.11.07"]
[WhiteClock "0:00:17"]
[BlackClock "0:01:01"]
[Board "127"]

1. e4 g6 2. d4 Bg7 3. Nc3 c6 4. Be2 d5 5. e5 c5 6. Be3 Nc6 7. Nf3 cxd4 8. Bxd4 Nxd4 9. Qxd4 e6 10. h4 h6 11. Bb5+ Bd7 12. Qb4 Ne7 13. Qd6 Nf5 14. Bxd7+ Qxd7 15. Qxd7+ Kxd7 16. O-O Rhc8 17. Rfd1 Rc4 18. g3 a6 19. Rac1 b5 20. Ne2 Rac8 21. c3 Re4 22. Nf4 Bxe5 23. Nd3 Bd6 24. Kg2 Rec4 25. Nde5+ Ke7 26. Nxc4 bxc4 27. Rd2 Rb8 28. Re1 Kf6 29. g4 Ne7 30. Kh3 g5 31. h5 Bf4 32. Rde2 Nc6 33. Rb1 a5 34. b3 a4 35. Reb2 a3 36. Re2 Na5 37. b4 Nc6 38. Kg2 Na7 39. Nd4 Be5 40. Rd1 Bxd4 41. cxd4 Rxb4 42. Re3 Nb5 43. Rf3+ Ke7 44. Rd2 Rb2 45. Rd1 Rxa2 46. Re3 Rb2 47. Ree1 a2 48. Kf3 Nc3 49. Rc1 Rb1 50. Rxc3 Rxe1 51. Ra3 a1=Q 52. Ra7+ Qxa7 0-1


[Site "https://www.chess.com"]

[Event "Titled Tuesday Blitz November 07 Early 2023"]
[White "Senthil Maran K"]
[Black "marik_spb"]
[WhiteFideId "25035681"]
[WhiteElo "2525"]
[BlackElo "2402"]
[Result "1-0"]
[Round "7"]
[TimeControl "180+1"]
[Date "2023.11.07"]
[WhiteClock "0:01:01"]
[BlackClock "0:00:00"]
[Board "128"]

1. e4 c6 2. Nf3 d5 3. Nc3 dxe4 4. Nxe4 Nf6 5. Qe2 Nxe4 6. Qxe4 Qd5 7. Qf4 Qf5 8. Qg3 Qxc2 9. Be2 Nd7 10. O-O Nf6 11. Bd1 Qg6 12. Qe5 Qf5 13. Qe2 Qe4 14. d4 Qxe2 15. Bxe2 Bg4 16. h3 Bxf3 17. Bxf3 e6 18. a4 Nd5 19. Bd2 Bd6 20. Rab1 O-O 21. b4 b5 22. Rfc1 Rfc8 23. a5 Rc7 24. Rc2 Rac8 25. g3 Kf8 26. h4 Ke7 27. Kg2 a6 28. h5 Kd7 29. Kh3 f5 30. Kh4 Be7+ 31. Kh3 Bf6 32. Be3 g5 33. hxg6 hxg6 34. Kg2 g5 35. Rb3 f4 36. Bxd5 cxd5 37. Rxc7+ Rxc7 38. gxf4 gxf4 39. Bxf4 Rc4 40. Be5 Bxe5 41. dxe5 Re4 42. Rg3 Rxb4 43. Rg7+ Kc6 44. Re7 d4 45. Rxe6+ Kd5 46. Rxa6 Kxe5 47. Rb6 d3 48. a6 d2 49. f4+ Kf5 50. Rd6 Kxf4 51. Kf2 Rb2 52. Ke2 Ra2 53. Rb6 1-0


[Site "https://www.chess.com"]

[Event "Titled Tuesday Blitz November 07 Early 2023"]
[White "Slovineanu, Viacheslav"]
[Black "Horak, Martin"]
[WhiteFideId "13900510"]
[BlackFideId "367095"]
[WhiteElo "2399"]
[BlackElo "2516"]
[Result "1/2-1/2"]
[Round "7"]
[TimeControl "180+1"]
[Date "2023.11.07"]
[WhiteClock "0:00:04"]
[BlackClock "0:00:06"]
[Board "129"]

1. d4 Nf6 2. Nf3 e6 3. c4 b6 4. e3 Bb7 5. Bd3 Bb4+ 6. Nbd2 O-O 7. O-O d5 8. a3 Bd6 9. b4 c5 10. dxc5 bxc5 11. b5 a6 12. a4 Nbd7 13. Bb2 Qc7 14. Bc3 Ne5 15. Nxe5 Bxe5 16. Bxe5 Qxe5 17. Nf3 Qc7 18. Qc2 h6 19. Rfb1 a5 20. Qc3 Ng4 21. h3 Nf6 22. Qe5 Qb6 23. Rd1 Rad8 24. Rac1 Rd7 25. cxd5 Rxd5 26. Qc3 Rfd8 27. Be2 Ne4 28. Qc2 R5d6 29. Rxd6 Rxd6 30. Rd1 Qd8 31. Rxd6 Qxd6 32. Bd3 f5 33. Bxe4 Bxe4 34. Qd2 Qc7 35. Qc3 Bd5 36. Nd2 c4 37. Nf3 Qc5 38. Qxa5 c3 39. Qd8+ Kh7 40. Nd4 c2 41. Nxc2 Qxc2 42. b6 Qb1+ 43. Kh2 Qe4 44. f3 Qxe3 45. Qc7 Qb3 46. a5 Qb2 47. Kg3 Qa2 48. b7 Bxb7 49. Qxb7 Qxa5 50. Qe7 Qe5+ 51. Kf2 f4 52. Qb4 Qe3+ 53. Kf1 Qe5 54. Qc4 Qf5 55. Kg1 h5 56. Kh2 h4 57. Qd4 e5 58. Qd5 Qf6 59. Qe4+ Kh6 60. Qd5 Qf5 61. Kh1 Kg5 62. Qd8+ Qf6 63. Qd5 Kh6 64. Qd7 Qg6 65. Qd5 Qf5 66. Qd6+ Kh7 67. Qd5 Qb1+ 68. Kh2 Qf5 69. Kh1 Qf6 70. Kh2 Kg6 71. Kh1 Qf5 72. Qd6+ Qf6 73. Qd5 Kg5 74. Qe4 Qf5 75. Qd5 Kf6 76. Qd8+ Kg6 77. Qd6+ Qf6 78. Qd5 1/2-1/2


[Site "https://www.chess.com"]

[Event "Titled Tuesday Blitz November 07 Early 2023"]
[White "Khamdamova, Afruza"]
[Black "Cheer_Down"]
[WhiteFideId "14210444"]
[WhiteElo "2513"]
[BlackElo "2373"]
[Result "1-0"]
[Round "7"]
[TimeControl "180+1"]
[Date "2023.11.07"]
[WhiteClock "0:01:02"]
[BlackClock "0:01:25"]
[Board "130"]

1. e4 e5 2. Nf3 Nc6 3. Bb5 Nf6 4. d3 Bc5 5. O-O Nd4 6. Nxd4 Bxd4 7. c3 Bb6 8. d4 O-O 9. Re1 d6 10. Bg5 h6 11. Bh4 c6 12. Bf1 g5 13. Bg3 Re8 14. dxe5 dxe5 15. Nd2 Bg4 16. Qc2 Nh5 17. Nc4 Nxg3 18. hxg3 Bc7 19. Be2 Be6 20. Rad1 Qf6 21. Ne3 Rad8 22. Bg4 Bb6 23. Bxe6 fxe6 24. Nc4 Rf8 25. Nxb6 axb6 26. Rxd8 Rxd8 27. Rd1 b5 28. Rd2 Kf7 29. Qd1 Rxd2 30. Qxd2 Qe7 31. Qd1 Kg6 32. g4 Kf7 33. Qd3 Ke8 34. Kh2 Qd7 35. Qh3 Qg7 36. Qe3 Qf6 37. g3 Qe7 38. Kg2 Qd6 39. Qa7 Qe7 40. Qb8+ Kf7 41. Qxe5 Qf6 42. Qxf6+ Kxf6 43. f4 c5 44. Kf3 b6 45. e5+ Kg6 46. Ke4 1-0


[Site "https://www.chess.com"]

[Event "Titled Tuesday Blitz November 07 Early 2023"]
[White "LouieKov2022"]
[Black "Dishman, Stephen"]
[BlackFideId "403024"]
[WhiteElo "2513"]
[BlackElo "2365"]
[Result "0-1"]
[Round "7"]
[TimeControl "180+1"]
[Date "2023.11.07"]
[WhiteClock "0:00:00"]
[BlackClock "0:00:14"]
[Board "131"]

1. e4 c5 2. Nf3 g6 3. d4 cxd4 4. Nxd4 Nc6 5. c4 Nf6 6. Nc3 d6 7. Be2 Nxd4 8. Qxd4 Bg7 9. Be3 O-O 10. Qd2 a5 11. O-O a4 12. Rac1 Qa5 13. Rfd1 Bd7 14. f3 Rfc8 15. Bf1 Bc6 16. Qf2 Nd7 17. Nd5 Bxd5 18. exd5 Nc5 19. Bd4 Bxd4 20. Qxd4 Qb6 21. Kh1 Nd7 22. Qd2 Nf6 23. Re1 Rc7 24. Re3 Qc5 25. Rce1 Kf8 26. Qe2 Re8 27. Qf2 b5 28. b3 axb3 29. axb3 bxc4 30. bxc4 Ra7 31. Qb2 Kg7 32. Rb3 Rc8 33. Rb5 Qa3 34. Qxa3 Rxa3 35. Rxe7 Ra1 36. Kg1 Rxc4 37. Kf2 Rc2+ 38. Be2 Raa2 39. g4 g5 40. h4 gxh4 41. g5 Nh5 42. Rbb7 Ng3 43. Rxf7+ Kg6 44. Rg7+ Kf5 45. Rbf7+ Ke5 46. f4+ Kxd5 47. Kf3 Rxe2 48. Rxh7 Ra3+ 49. Kg4 Rh2 50. Rxh4 Rxh4+ 51. Kxh4 Ne4 52. g6 Rg3 53. f5 Rg1 54. g7 Ke5 55. Kh5 d5 56. Kh6 d4 57. Rf8 d3 58. g8=Q Rh1+ 59. Kg7 Rg1+ 60. Kh8 Rxg8+ 61. Kxg8 d2 62. Re8+ Kd5 63. Rd8+ Nd6 64. f6 d1=Q 65. f7 Qg4+ 66. Kh8 Qh5+ 67. Kg7 Qg5+ 0-1


[Site "https://www.chess.com"]

[Event "Titled Tuesday Blitz November 07 Early 2023"]
[White "Marcziter, Dmitrii"]
[Black "Kochiev, Ivan"]
[WhiteFideId "13900765"]
[BlackFideId "2917890"]
[WhiteElo "2397"]
[BlackElo "2513"]
[Result "0-1"]
[Round "7"]
[TimeControl "180+1"]
[Date "2023.11.07"]
[WhiteClock "0:01:03"]
[BlackClock "0:01:11"]
[Board "132"]

1. e4 e5 2. Nf3 Nf6 3. Nxe5 Nc6 4. Nf3 Nxe4 5. d4 d5 6. Bd3 Bd6 7. O-O Bg4 8. c3 O-O 9. h3 Bh5 10. Re1 f5 11. Be2 Qf6 12. Nfd2 Bf7 13. Nxe4 fxe4 14. Be3 Rae8 15. Nd2 Be6 16. Nf1 Ne7 17. Bg4 Nf5 18. Bxf5 Qxf5 19. Qe2 Qg6 20. Kh1 Rf5 21. Qg4 Qf7 22. Ng3 Rxf2 23. Qh4 Rf6 24. Nh5 Rf5 25. Ng3 Be7 26. Qg4 Rf3 27. gxf3 Bxg4 28. fxg4 Qf3+ 29. Kh2 Bd6 30. Rg1 Qxe3 31. Raf1 Rf8 32. Rxf8+ Kxf8 33. Rg2 Bxg3+ 34. Rxg3 Qd2+ 35. Rg2 e3 0-1


[Site "https://www.chess.com"]

[Event "Titled Tuesday Blitz November 07 Early 2023"]
[White "SlippperyWhenWet"]
[Black "a-z30"]
[WhiteElo "2337"]
[BlackElo "2507"]
[Result "1/2-1/2"]
[Round "7"]
[TimeControl "180+1"]
[Date "2023.11.07"]
[WhiteClock "0:00:08"]
[BlackClock "0:00:04"]
[Board "133"]

1. e4 d6 2. d4 Nf6 3. Nc3 g6 4. Bc4 Bg7 5. Nf3 O-O 6. O-O Nxe4 7. Nxe4 d5 8. Bd3 dxe4 9. Bxe4 Nd7 10. c3 c5 11. dxc5 Nxc5 12. Bc2 Bg4 13. h3 Qxd1 14. Rxd1 Bxf3 15. gxf3 Rad8 16. Be3 b6 17. a4 Be5 18. f4 Bc7 19. Kg2 Ne6 20. Kf3 Kg7 21. f5 Nc5 22. Bd4+ Kg8 23. b4 Nd7 24. fxg6 hxg6 25. h4 Ne5+ 26. Ke2 Nc6 27. Be3 Be5 28. Bd2 Bf6 29. h5 gxh5 30. Rg1+ Kh8 31. Rh1 h4 32. Rag1 Ne5 33. Bg5 Ng6 34. Bxf6+ exf6 35. Bxg6 fxg6 36. Rxg6 Rd7 37. Rxh4+ Rh7 38. Re4 Rh3 39. Re7 Rg8 40. Rxg8+ Kxg8 41. Rxa7 Rxc3 42. a5 bxa5 43. bxa5 Ra3 44. Kf1 f5 45. Kg2 f4 46. f3 Kh8 47. Ra8+ Kg7 48. a6 Kh7 49. Kf2 Ra2+ 50. Ke1 Kg7 51. Kd1 Kf7 52. Kc1 Kg7 53. Kb1 Ra3 54. a7 Kh7 55. Kb2 Ra6 56. Kb3 Kg7 57. Kc4 Ra1 58. Kd4 Ra4+ 59. Ke5 Kh7 60. Kf5 Kg7 61. Kg5 Kh7 62. Kf5 Kg7 63. Ke6 Kh7 64. Kf7 Ra5 65. Kf8 Ra6 66. Ke7 Ra5 67. Kf7 Ra4 68. Kf8 Ra5 69. Kf7 Ra4 70. Kf6 Ra5 71. Ke6 Ra4 72. Kf5 1/2-1/2


[Site "https://www.chess.com"]

[Event "Titled Tuesday Blitz November 07 Early 2023"]
[White "KorolDimitriy75"]
[Black "Reprintsev, Alexander"]
[BlackFideId "14100541"]
[WhiteElo "2349"]
[BlackElo "2493"]
[Result "0-1"]
[Round "7"]
[TimeControl "180+1"]
[Date "2023.11.07"]
[WhiteClock "0:00:00"]
[BlackClock "0:01:40"]
[Board "134"]

1. d4 d5 2. c4 e5 3. Nc3 exd4 4. Qxd4 Nc6 5. Qxd5 Be6 6. Qb5 a6 7. Qa4 Bb4 8. e3 Qf6 9. Bd2 O-O-O 10. Nf3 g5 11. Be2 g4 12. Nd4 Nxd4 13. exd4 Qxd4 14. O-O-O Bxc3 15. Bxc3 Qf4+ 16. Kb1 Ne7 17. Bxh8 Rxh8 18. f3 h5 19. Ka1 Nc6 20. Rhe1 Qxh2 21. fxg4 hxg4 22. Rg1 Qg3 23. Qc2 Kb8 24. Qc3 Qh2 25. Rh1 Qxh1 0-1


[Site "https://www.chess.com"]

[Event "Titled Tuesday Blitz November 07 Early 2023"]
[White "Baches Garcia, Guillermo"]
[Black "Goh, Zi Han"]
[WhiteFideId "2209764"]
[BlackFideId "5819156"]
[WhiteElo "2486"]
[BlackElo "2333"]
[Result "1-0"]
[Round "7"]
[TimeControl "180+1"]
[Date "2023.11.07"]
[WhiteClock "0:00:45"]
[BlackClock "0:00:00"]
[Board "135"]

1. d4 d5 2. Nf3 Nf6 3. Bg5 e6 4. Nbd2 c5 5. e3 Nc6 6. c3 Be7 7. Bd3 O-O 8. O-O b6 9. Ne5 Nxe5 10. dxe5 Nd7 11. Bxe7 Qxe7 12. f4 Rd8 13. Qh5 Nf8 14. Nf3 Bb7 15. Rad1 f5 16. exf6 Qxf6 17. Ne5 Rd6 18. Rf3 d4 19. Rh3 g6 20. Qe2 dxc3 21. bxc3 Rad8 22. Re1 Nd7 23. Nc4 Rd5 24. e4 Rxd3 25. Rxd3 Ba6 26. Qd2 Bxc4 27. Rxd7 Rxd7 28. Qxd7 Qxc3 29. Qe8+ Kg7 30. Qe7+ Kg8 31. Rd1 Qe3+ 32. Kh1 Bd3 33. Qd8+ Kg7 34. Qd7+ Kg8 35. Qxd3 Qxf4 36. Qf3 Qc7 37. Qf6 1-0


[Site "https://www.chess.com"]

[Event "Titled Tuesday Blitz November 07 Early 2023"]
[White "Devaev, Alexander"]
[Black "TheAlienParty"]
[WhiteFideId "4169395"]
[WhiteElo "2470"]
[BlackElo "2255"]
[Result "1-0"]
[Round "7"]
[TimeControl "180+1"]
[Date "2023.11.07"]
[WhiteClock "0:00:35"]
[BlackClock "0:00:28"]
[Board "136"]

1. Nf3 d5 2. c4 c6 3. e3 Nf6 4. b3 g6 5. Bb2 Bg7 6. d4 O-O 7. Nbd2 Bf5 8. Be2 Ne4 9. O-O a5 10. Nh4 Nxd2 11. Qxd2 Be6 12. Rac1 a4 13. Nf3 axb3 14. axb3 Na6 15. Ra1 Qb6 16. Ba3 Bf6 17. Rfb1 Qc7 18. Rc1 dxc4 19. bxc4 c5 20. Rab1 Rfd8 21. d5 Bf5 22. Bd3 Bg4 23. Ne1 Be5 24. h3 Bc8 25. f4 Bg7 26. Nf3 Qd6 27. e4 Nc7 28. e5 Qd7 29. Bxc5 b5 30. d6 exd6 31. Bxd6 bxc4 32. Bxc4 Ne8 33. Bb5 Qa7+ 34. Bc5 Rxd2 35. Bxa7 Rxa7 36. Rxc8 Rd3 37. Rxe8+ Bf8 38. Bxd3 1-0


[Site "https://www.chess.com"]

[Event "Titled Tuesday Blitz November 07 Early 2023"]
[White "Skibbe, Willi"]
[Black "Ionescu, Mihai"]
[WhiteFideId "4682190"]
[BlackFideId "1202499"]
[WhiteElo "2193"]
[BlackElo "2462"]
[Result "1-0"]
[Round "7"]
[TimeControl "180+1"]
[Date "2023.11.07"]
[WhiteClock "0:00:11"]
[BlackClock "0:00:33"]
[Board "137"]

1. e4 c5 2. c3 e6 3. d4 d5 4. e5 Nc6 5. Nf3 Bd7 6. Be2 Nge7 7. O-O Ng6 8. g3 Be7 9. h4 O-O 10. h5 Nh8 11. Bf4 f6 12. Re1 Nf7 13. Bf1 fxe5 14. dxe5 Ng5 15. Nbd2 Be8 16. Nxg5 Bxg5 17. Qg4 Bxf4 18. gxf4 Qd7 19. Bh3 Bf7 20. h6 g6 21. Nf1 Ne7 22. Nh2 Nf5 23. Qg5 Qd8 24. Ng4 Qxg5 25. fxg5 Rfd8 26. Nf6+ Kh8 27. Bxf5 gxf5 28. f4 d4 29. Rad1 dxc3 30. bxc3 b5 31. Kf2 a5 32. Ke2 b4 33. Rxd8+ Rxd8 34. Rd1 Rf8 35. Rd7 Bg6 36. Rc7 a4 37. Rxc5 b3 38. axb3 axb3 39. Rb5 Rd8 40. Rxb3 Be8 41. Nxe8 Rxe8 42. Rb6 Kg8 43. Rb7 Rc8 44. Kd3 Rd8+ 45. Ke3 Rc8 46. Kd3 Rd8+ 47. Kc2 Rc8 48. Rd7 Rc4 49. Rd4 Ra4 50. Rxa4 1-0


[Site "https://www.chess.com"]

[Event "Titled Tuesday Blitz November 07 Early 2023"]
[White "Herman, Daniel"]
[Black "LangesNasenhaar"]
[WhiteFideId "30935008"]
[WhiteElo "2435"]
[BlackElo "2427"]
[Result "0-1"]
[Round "7"]
[TimeControl "180+1"]
[Date "2023.11.07"]
[WhiteClock "0:00:00"]
[BlackClock "0:00:05"]
[Board "139"]

1. e4 Nc6 2. d4 d5 3. exd5 Qxd5 4. Nf3 e5 5. Nc3 Bb4 6. Bd2 Bxc3 7. bxc3 e4 8. Ng1 Nf6 9. Ne2 O-O 10. Nf4 Qd6 11. Bc4 Na5 12. Be2 c5 13. O-O Be6 14. Be3 cxd4 15. Nxe6 Qxe6 16. cxd4 Rac8 17. Rb1 b6 18. a4 Nd5 19. Qd2 Nc4 20. Bxc4 Rxc4 21. a5 Rfc8 22. axb6 axb6 23. Rb2 h6 24. h3 Qc6 25. Rc1 f5 26. g3 b5 27. Rcb1 b4 28. Rc1 Kh7 29. Kh2 Qd6 30. Kg2 g5 31. Bxg5 hxg5 32. Qxg5 Qg6 33. Qh4+ Kg7 34. Ra1 f4 35. Ra7+ R4c7 36. Rxc7+ Rxc7 37. Rb3 f3+ 38. Kg1 Rxc2 39. Rb1 e3 40. Ra1 exf2+ 41. Kh1 b3 42. Ra7+ Rc7 43. Rxc7+ Nxc7 44. Qe7+ Qf7 45. Qg5+ Kf8 46. Qc5+ Ke8 47. Qc6+ Kd8 48. Qc1 Qd5 49. Kh2 Ne6 50. Qd2 Qxd4 0-1


[Site "https://www.chess.com"]